 Dungeon Crawl Stone Soup version 0.30.0-19-g36f170ea60 (webtiles) character file.

Game seed: 1572288659964803162

679 MacCMillion the Cleaver (level 7, -2/57 HPs)
             Began as a Minotaur Fighter on May 31, 2023.
             Was a Follower of Ru.
             Killed from afar by Dowan (7 damage)
             ... with a puff of flame
             ... on level 5 of the Dungeon.
             The game lasted 00:07:08 (3468 turns).

MacCMillion the Cleaver (Minotaur Fighter)          Turns: 3468, Time: 00:07:09

Health: -2/57      AC: 15    Str: 23    XL:     7   Next: 34%
Magic:  6/6        EV:  6    Int:  5    God:    Ru [*.....]
Gold:   111        SH:  4    Dex: 11    Spells: 6/6 levels left

rFire   . . .        a - +0 war axe
rCold   . . .        c - +0 buckler
rNeg    . . .        b - +0 plate armour "Ofyrr" {Dex+2}
rPois   .            (helmet restricted)
rElec   .            A - +0 cloak
rCorr   .            u - +0 pair of gloves
SInv    .            j - +0 pair of boots
Will    .....        (no amulet) Stlth
                     (no ring)
HPRegen 0.29/turn    (no ring)
MPRegen 0.10/turn

%: no passive effects
@: no status effects
A: horns 2, no stealth, no conjurations magic, no ice magic, no transmutations
magic, retaliatory headbutt
a: Renounce Religion


You were on level 5 of the Dungeon.
You worshipped Ru.
Ru was aware of your devotion.
You visited 1 branch of the dungeon, and saw 5 of its levels.

You collected 186 gold pieces.
You spent 75 gold pieces at shops.

Inventory:

Hand Weapons
 a - a +0 war axe (weapon)
 v - a +0 broad axe
Armour
 b - the +0 plate armour "Ofyrr" (worn) {Dex+2}
   (You found it on level 5 of the Dungeon)

   Dex:       It affects your dexterity (+2).
 c - a +0 buckler (worn)
 j - a +0 pair of boots (worn)
 u - a +0 pair of gloves (worn)
 A - a +0 cloak (worn)
Jewellery
 t - a ring of ice
Wands
 B - a wand of flame (20)
Scrolls
 e - 2 scrolls of enchant weapon {unknown}
 f - 2 scrolls of vulnerability {unknown}
 g - 3 scrolls of teleportation {unknown}
 h - a scroll of magic mapping {unknown}
 i - 2 scrolls of fear {unknown}
 n - 3 scrolls of brand weapon {unknown}
 p - a scroll of immolation {unknown}
 q - 5 scrolls of identify {unknown}
 r - a scroll of silence {unknown}
 s - a scroll of acquirement {unknown}
 w - 2 scrolls of amnesia {unknown}
 y - 3 scrolls of fog {unknown}
Potions
 d - a potion of might
 k - 2 potions of magic {unknown}
 l - a potion of resistance {unknown}
 m - 3 potions of heal wounds {unknown}
 o - a potion of haste {unknown}
 x - 3 potions of curing {unknown}
 z - 3 potions of mutation {unknown}
 C - 2 potions of invisibility {unknown}
 D - 2 potions of flight {unknown}
 E - a potion of attraction {unknown}


   Skills:
 - Level 3.6 Fighting
 + Level 9.8 Axes
 - Level 3.7 Armour
 - Level 4.0 Shields


You had 6 spell levels left.
You didn't know any spells.
Your spell library contained the following spells:

 Spells                   Type           Power      Damage    Failure   Level
 Scorch                   Fire           0%         2d5       100%        2
 Swiftness                Air            0%         N/A       100%        3
 Airstrike                Air            0%         2d(0-16)  100%        4
 Anguish                  Hex/Necr       0%         N/A       100%        4
 Summon Cactus Giant      Summ           0%         N/A       100%        6
 Shock                    Conj/Air       Unusable   1d3       N/A         1
 Ensorcelled Hibernation  Hex/Ice        Unusable   N/A       N/A         2
 Spider Form              Tmut/Pois      Unusable   N/A       N/A         3
 Flame Wave               Conj/Fire      Unusable   2d4       N/A         4

Dungeon Overview and Level Annotations

Branches:
Dungeon (5/15)             Temple (0/1) D:5

Altars:
Ashenzari
Ru
Uskayaw

Shops:
D:2 *   D:3 [

Annotations:
D:4 Grinder
D:5 Dowan


Innate Abilities, Weirdness & Mutations

You have a pair of horns on your head.
You cannot be stealthy.
You cannot study or cast Conjurations magic.
You cannot study or cast Ice magic.
You cannot study or cast Transmutations magic.
You reflexively headbutt those who attack you in melee.


Message History

You hit Dowan but do no damage.
You feel very sick.
Dowan gestures wildly while chanting.
Dowan blinks!
You feel very sick.
Dowan gestures wildly while chanting.
Dowan blinks!
Things that are here:
a +2 short sword of venom; a +0 leather armour; a ruby potion You feel very sick.
You feel sick.
You feel sick.
You feel sick.
Dowan zaps a wand.
You block the puff of flame.
You feel sick.
You feel sick.
An ufetubus comes into view.
You feel sick.
The ufetubus shouts!
The ufetubus moves out of view.
Found a scroll labelled BEOFET PIUGH.
You feel sick.
Dowan shakes with grief.
Dowan zaps a wand.
The puff of flame hits you!
* * * LOW HITPOINT WARNING * * *
You feel sick.
You feel sick.
You are no longer poisoned.
Dowan points at you and mumbles some strange words.
The stone arrow hits you.
* * * LOW HITPOINT WARNING * * *
Unknown command.
The ufetubus hits you but does no damage.
The ufetubus barely misses you.
There is a staircase to the Ecumenical Temple here.
You block the ufetubus's attack.
The ufetubus hits you but does no damage.
Dowan points at you and mumbles some strange words.
The stone arrow hits you but does no damage.
The ufetubus hits you but does no damage.
The ufetubus barely misses you.
Dowan zaps a wand.
The puff of flame hits you!
You die...

#............#.....#
#.....####.........####
#.....####.....#.......
# .. #...........#### #
#......#e#...# #
#......#.###...#. #
#.....##...###... #
#.....#...5....# #
#....##..@..##...
########..#........#..#
#.....###...###...##.##
#.....## .. ###.# .#
#......# . ..#?# #
'......# ......
#......# ... #.
##...### .### .# ######


You could see Dowan (fast) and an ufetubus.

Vanquished Creatures
  Duvessa (D:5)
  2 phantoms
  A scorpion (D:3)
  3 orc priests (D:5)
  A sleepcap (D:4)
  An iguana (D:5)
  3 orc wizards (D:5)
  4 gnolls
  2 adders
  2 worms (D:2)
  5 dart slugs
  17 orcs
  9 ball pythons
  3 bats
  8 endoplasms
  A giant cockroach (D:1)
  7 goblins
  11 hobgoblins
  5 jackals
  6 quokkas
  3 frilled lizards
  5 kobolds
  7 rats
107 creatures vanquished.

Notes
Turn   | Place    | Note
-------+----------+-------------------------------------------
     0 | D:1      | MacCMillion the Minotaur Fighter began the quest for the
                  | Orb.
     0 | D:1      | Reached XP level 1. HP: 19/19 MP: 0/0
    45 | D:1      | Found a faded altar of an unknown god.
    57 | D:1      | Prayed at the altar of an unknown god.
    57 | D:1      | Became a worshipper of Ru the Awakened
    74 | D:1      | Gained mutation: You cannot study or cast Ice magic. [Ru
                  | sacrifice]
    74 | D:1      | Gained mutation: You cannot study or cast Transmutations
                  | magic. [Ru sacrifice]
    74 | D:1      | Gained mutation: You cannot study or cast Conjurations
                  | magic. [Ru sacrifice]
    74 | D:1      | Reached * piety under Ru
   154 | D:1      | Reached XP level 2. HP: 26/26 MP: 1/1
   160 | D:1      | Reached skill level 3 in Axes
   428 | D:1      | Reached XP level 3. HP: 28/31 MP: 2/2
   569 | D:1      | Reached skill level 4 in Axes
   783 | D:2      | Found a hide-covered altar of Uskayaw.
  1058 | D:2      | Reached skill level 5 in Axes
  1058 | D:2      | Reached XP level 4. HP: 38/39 MP: 3/3
  1334 | D:2      | Found Foph's Assorted Antiques.
  1341 | D:2      | Bought a scroll labelled FIASSI AKOC for 25 gold pieces
  1341 | D:2      | Bought a scroll labelled BEOFET PIUGH for 25 gold pieces
  1341 | D:2      | Bought a scroll labelled AHEGHY PUIMPA for 25 gold pieces
  1623 | D:3      | Noticed a scorpion
  1635 | D:3      | Killed a scorpion
  1636 | D:3      | Reached skill level 6 in Axes
  1636 | D:3      | Reached XP level 5. HP: 12/45 MP: 4/4
  1953 | D:3      | Gained mutation: You cannot be stealthy. [Ru sacrifice]
  1961 | D:3      | Found Ilir's Armour Boutique.
  2279 | D:4      | Noticed a phantom
  2294 | D:4      | Killed a phantom
  2295 | D:4      | Reached skill level 7 in Axes
  2295 | D:4      | Reached XP level 6. HP: 44/51 MP: 5/5
  2385 | D:4      | Found a broken altar of Ashenzari.
  2565 | D:4      | Noticed Grinder
  2786 | D:4      | Paralysed by Grinder for 4 turns
  2792 | D:5      | Entered Level 5 of the Dungeon
  2923 | D:5      | Reached skill level 8 in Axes
  3140 | D:5      | Identified the +0 plate armour "Ofyrr" {Dex+2}
  3238 | D:5      | Found a hide-covered altar of Uskayaw.
  3362 | D:5      | Reached skill level 9 in Axes
  3366 | D:5      | Reached XP level 7. HP: 57/57 MP: 6/6
  3445 | D:5      | Found a staircase to the Ecumenical Temple.
  3445 | D:5      | Noticed Dowan
  3446 | D:5      | Noticed Duvessa
  3455 | D:5      | Killed Duvessa
  3468 | D:5      | Killed from afar by Dowan

Illustrated notes

Levels and vault maps discovered:
D:1:      tarquinn_simple_flora_water_e, layout_loops_cross,
          hellmonk_ecumenical_altar_heavens_door
D:2:      layout_loops_ring, basic_altar, serial_shops, shop
D:3:      layout_basic, serial_shops, shop
D:4:      layout_basic, nicolae_ashenzari_panopticon,
          hangedman_abyss_or_decor_passed, uniq_grinder
D:5:      layout_gridville, mainiacjoe_overflow_alcove_2,
          minmay_temple_entry_slanted, uniq_duvessa

Skill      XL: |  1  2  3  4  5  6 |
---------------+-------------------+-----
Shields        | 4 |  4.0
Axes           | 3 5 6 7 9 |  9.8
Fighting       | |  3.6
Armour         | |  3.7

Action                     |  1- 3 |  4- 6 |  7- 9 || total
---------------------------+-------+-------+-------++-------
  Melee: War axe           |    69 |   155 |     7 ||   231
         Headbutt          |    12 |    27 |     1 ||    40
 Invoke: Sacrifice Arcana  |     1 |       |       ||     1
         Sacrifice Stealth |       |     1 |       ||     1
   Stab: Distracted        |     1 |       |     1 ||     2
 Armour: Scale mail        |    30 |    51 |       ||    81
         Plate armour      |       |    21 |    12 ||    33
  Dodge: Dodged            |    29 |    46 |     2 ||    77
  Block: Buckler           |    14 |    26 |     2 ||    42
